 Dungeon Crawl Stone Soup version 0.31-a0-675-g238779eb0a (webtiles) character file.

Game seed: 4492067639164294957

88 dialectric the Trooper (level 4, -6/24 HPs)
             Began as a Vine Stalker Berserker on Sept 5, 2023.
             Was a Believer of Trog.
             Mangled by a sleepcap (13 damage)
             ... on level 3 of the Dungeon on Sept 6, 2023.
             The game lasted 00:02:27 (1789 turns).

dialectric the Trooper (Vine Stalker Berserker)     Turns: 1789, Time: 00:02:27

Health: -6/24      AC:  2    Str: 26    XL:     4   Next: 53%
Magic:  0/5        EV:  2    Int:  7    God:    Trog [**....]
Gold:   173        SH:  0    Dex: 13    Spells: 3/3 levels left

rFire   + . .        p - +4 trident of Wyrd {freeze, rElec rF+ Str+4}
rCold   . . .        (no shield)
rNeg    . . .        b - +0 animal skin
rPois   .            (no helmet)
rElec   +            (no cloak)
rCorr   .            (no gloves)
SInv    .            (no boots)
Will    .....        (no amulet)
Stlth   +            (no ring)
HPRegen 1.04/turn    (no ring)
MPRegen 0.09/turn

%: guardian spirit
@: sleeping
A: fangs 2, regeneration 1, magic shield, antimagic bite, no potion heal 2
a: Renounce Religion, Berserk, Trog's Hand


You were on level 3 of the Dungeon.
You worshipped Trog.
Trog was pleased with you.
You visited 1 branch of the dungeon, and saw 3 of its levels.

You collected 173 gold pieces.

Inventory:

Hand Weapons
 a - a +0 mace
 f - a +1 short sword of venom
 p - the +4 trident of Wyrd (weapon) {freeze, rElec rF+ Str+4}
   (You found it on level 2 of the Dungeon)

   Str+4:     It affects your strength (+4).
   rF+:       It protects you from fire.
   rElec:     It insulates you from electricity.
Missiles
 j - 5 poisoned darts (quivered)
Armour
 b - a +0 animal skin (worn)
Jewellery
 k - a ring of positive energy
 r - a ring of ice
Talismans
 i - a blade talisman
Wands
 l - a wand of polymorph (7)
Scrolls
 c - a scroll of noise {unknown}
 d - 2 scrolls of teleportation {unknown}
 e - 2 scrolls of brand weapon {unknown}
 q - a scroll of identify {unknown}
Potions
 g - a potion of degeneration {unknown}
 h - a potion of haste {unknown}
 m - a potion of might {unknown}
 n - a potion of magic {unknown}
 o - 2 potions of mutation {unknown}
 s - a potion of brilliance {unknown}


   Skills:
 + Level 3.5 Fighting
 - Level 0.2 Short Blades
 + Level 3.3 Maces & Flails
 + Level 0.2 Polearms
 + Level 1.7 Armour
 - Level 2.2 Dodging
 + Level 0.2 Stealth


You had 3 spell levels left.
You didn't know any spells.
Your spell library was empty.

Dungeon Overview and Level Annotations

Branches:
Dungeon (3/15)

Altars:
Kikubaaqudgha


Innate Abilities, Weirdness & Mutations

You have extremely sharp teeth.
Your natural rate of healing is unusually fast.
When hurt, damage is shared between your health and your magic reserves.
Your bite disrupts and absorbs the magic of your enemies.
Potions cannot restore your health.


Message History

You are no longer poisoned.
The adder bites you.
You wake up.
You are poisoned.
The adder poisons you! The sleepcap releases spores at you!
* * * LOW HITPOINT WARNING * * *
You are engulfed in a cloud of soporific spores!
You are unaffected.
You feel sick.
The sleepcap releases spores at you but does no damage.
The adder bites you but does no damage.
There is an open door here.
You see here a quokka corpse.
Unknown command.
You feel sick.
You hit the sleepcap. You freeze the sleepcap. You bite the sleepcap.
You drain its power.
You feel invigorated.
The sleepcap is moderately damaged.
You feel sick.
The sleepcap releases spores at you but does no damage.
You hit the sleepcap. You freeze the sleepcap.
The sleepcap is heavily damaged.
You feel sick. The sleepcap closely misses you. x2
You hit the sleepcap. You freeze the sleepcap.
You bite the sleepcap, but do no damage.
The sleepcap is severely damaged.
You feel sick.
You are no longer poisoned.
The sleepcap barely misses you.
You hit the sleepcap but do no damage. You bite the sleepcap.
You drain its power.
You feel invigorated.
The sleepcap is severely damaged.
The sleepcap releases spores at you.
* * * LOW HITPOINT WARNING * * *
You are engulfed in a cloud of soporific spores!
You fall asleep.
The sleepcap releases spores at you but does no damage.
An orc comes into view. It is wielding a +0 club.
The sleepcap releases spores at you!
Ouch! That really hurt!
You die...

######## #......#
#......##
###..$....#
.#.#.....o...##
......$S.(.....
.#....#f#######
#.<. #@# ##. #.#
.. #.#
#########.#
.######.........#
........#########
######..####
#.....###
##......####


You could see a sleepcap, an adder and an orc (wandering).

Vanquished Creatures
  2 adders (D:3)
  2 worms (D:2)
  2 dart slugs
  An orc (D:3)
  6 bats
  5 endoplasms
  4 giant cockroaches
  7 goblins
  6 hobgoblins
  A jackal (D:1)
  4 kobolds (D:1)
  4 quokkas
  5 ball pythons
  2 frilled lizards (D:3)
  3 rats (D:1)
54 creatures vanquished.

Notes
Turn   | Place    | Note
-------+----------+-------------------------------------------
     0 | D:1      | dialectric the Vine Stalker Berserker began the quest for
                  | the Orb.
     0 | D:1      | Reached XP level 1. HP: 11/11 MP: 2/2
   143 | D:1      | Reached XP level 2. HP: 16/16 MP: 3/3
   303 | D:1      | Reached XP level 3. HP: 20/20 MP: 4/4
   541 | D:1      | Reached ** piety under Trog
  1062 | D:2      | Found a faded altar of an unknown god.
  1326 | D:2      | Reached XP level 4. HP: 15/24 MP: 3/5
  1444 | D:2      | Identified the +4 trident of Wyrd {freeze, rElec rF+ Str+4}
  1672 | D:3      | Found an ancient bone altar of Kikubaaqudgha.
  1789 | D:3      | Mangled by a sleepcap

Illustrated notes

Levels and vault maps discovered:
D:1:      dpeg_cavernosity, layout_rooms, minmay_misc_feat_five
D:2:      minmay_razor_zed, layout_loops_corners, serial_shops,
          nicolae_shop_trees, dreamdust_ecumenical_altar_grove
D:3:      layout_basic, cheibriados_altar_1, kiku_gazebo_pond_becter

Skill      XL: |  1  2  3 |
---------------+----------+-----
Maces & Flails | 3 |  3.3
Fighting       | 3 |  3.5
Dodging        | 2 |  2.2
Short Blades   | |  0.2
Polearms       | |  0.2
Armour         | |  1.7
Stealth        | |  0.2

Action                     |  1- 3 |  4- 6 || total
---------------------------+-------+-------++-------
  Melee: Mace              |    57 |       ||    57
         Bite              |    21 |     8 ||    29
         Short sword       |    60 |     6 ||    66
         Trident           |       |    30 ||    30
 Armour: Animal skin       |    90 |    29 ||   119
  Dodge: Dodged            |   106 |    23 ||   129

Table legend: (Time is in decaauts)
 A = Elapsed time spent in this place.
 B = Non-inter-level travel time spent in this place.
 C = Inter-level travel time spent in this place.
 D = Time resting spent in this place.
 E = Time spent auto-exploring this place.
 F = Levels seen in this place.
 G = Mean time per level.
                   A        B        C        D        E       F      G
               +--------+--------+--------+--------+--------+-----+--------+
         Total |   1810 |   1700 |    110 |      0 |   1301 |   3 |  603.3 |
       Dungeon |   1810 |   1700 |    110 |      0 |   1301 |   3 |  603.3 |
               +--------+--------+--------+--------+--------+-----+--------+

Top non-repeatable levels by time:
     D:2: 857 daAuts
     D:1: 811 daAuts
     D:3: 141 daAuts
